 Dungeon Crawl Stone Soup version 0.28-a0-664-gc179e30c89 (webtiles) character file.

Game seed: 7405716467134071747

7665 spiderkeys the Fighter (level 11, -4/89 HPs)
             Began as a Gnoll Abyssal Knight on Oct 15, 2021.
             Was a High Priest of Lugonu.
             Slain by a yak (12 damage)
             ... on level 9 of the Dungeon.
             The game lasted 00:22:19 (12233 turns).

spiderkeys the Fighter (Gnoll Abyssal Knight)      Turns: 12233, Time: 00:22:20

Health: -4/89      AC:  9    Str: 12    XL:     11   Next: 18%
Magic:  19/20      EV: 15    Int: 10    God:    Lugonu [*****.]
Gold:   344        SH:  0    Dex: 16    Spells: 19/22 levels left

rFire   . . .      SeeInvis .   e - +9 short sword of Uncertain Death {vamp, rPois rCorr}
rCold   + . .      Faith    +   (no shield)
rNeg    . . .      Spirit   .   b - +0 leather armour
rPois   +          Reflect  .   Q - +1 helmet
rElec   .          Harm     .   f - +0 cloak
rCorr   +          Rampage  .   (no gloves)
Will    .....                   x - +0 pair of boots
Stlth   +++.......              T - amulet of faith {!P}
HPRegen 0.24/turn               C - ring of protection from cold
MPRegen 0.17/turn               (no ring)

@: no status effects
A: fangs 1, strong nose, distributed training
a: Renounce Religion, Depart the Abyss, Bend Space, Banish, Corrupt, Enter the
Abyss


You were on level 9 of the Dungeon.
You worshipped Lugonu.
Lugonu was extremely pleased with you.
You visited 1 branch of the dungeon, and saw 10 of its levels.
You visited the Abyss 1 time.

You collected 344 gold pieces.


Innate Abilities, Weirdness & Mutations

You have very sharp teeth.
Your uncanny sense of smell can sniff out nearby items.
Your experience applies equally to all skills.


   Skills:
 + Level 9.0 Fighting
 + Level 6.0 Short Blades
 + Level 6.0 Long Blades
 + Level 6.0 Axes
 + Level 6.0 Maces & Flails
 + Level 7.7 Polearms
 + Level 6.0 Staves
 + Level 6.0 Slings
 + Level 6.0 Bows
 + Level 6.0 Crossbows
 + Level 6.0 Throwing
 + Level 7.7 Armour
 + Level 6.6 Dodging
 + Level 6.0 Stealth
 + Level 6.0 Shields
 + Level 6.0 Unarmed Combat
 + Level 6.0 Spellcasting
 + Level 5.0 Conjurations
 + Level 5.0 Hexes
 + Level 5.0 Summonings
 + Level 5.0 Necromancy
 + Level 5.0 Translocations
 + Level 5.0 Transmutations
 + Level 5.0 Fire Magic
 + Level 5.0 Ice Magic
 + Level 5.0 Air Magic
 + Level 5.0 Earth Magic
 + Level 5.0 Poison Magic
 + Level 8.1 Invocations
 + Level 6.0 Evocations


You had 19 spell levels left.
You knew the following spells:

 Your Spells              Type           Power      Damage    Failure   Level
b - Beastly Appendage     Tmut           26%        N/A       3%          1
w - Wereblood             Tmut           13%        N/A       4%          2

Your spell library contained the following spells:

 Spells                   Type           Power      Damage    Failure   Level
 Sublimation of Blood     Necr           6%         N/A       4%          2
 Call Canine Familiar     Summ           13%        N/A       10%         3
 Frozen Ramparts          Ice            26%        1d4       10%         3
 Portal Projectile        Hex/Tloc       26%        N/A       10%         3
 Spider Form              Tmut/Pois      6%         N/A       10%         3
 Ice Form                 Ice/Tmut       13%        N/A       32%         4
 Leda's Liquefaction      Hex/Erth       6%         N/A       32%         4
 Summon Ice Beast         Ice/Summ       13%        N/A       32%         4
 Summon Hydra             Summ           6%         N/A       100%        7

Inventory:

Hand Weapons
 a - a +1 spear
 e - the +9 short sword of Uncertain Death (weapon) {vamp, rPois rCorr}
   (You found it on level 2 of the Abyss)

   It occasionally heals its wielder for a portion of the damage dealt when it
   wounds a living foe.
   rPois:     It protects you from poison.
   rCorr:     It protects you from acid and corrosion.
Missiles
 c - 46 sling bullets
 d - 347 stones
 g - 44 poisoned darts
 l - 189 arrows
 v - 5 curare-tipped darts {=f}
 y - 4 boomerangs
 D - 3 silver javelins
 I - 8 bolts
 L - 2 javelins
Armour
 b - a +0 leather armour (worn)
 f - a +0 cloak (worn)
   (You found it on level 1 of the Dungeon)
 x - a +0 pair of boots (worn)
   (You found it on level 4 of the Dungeon)
 Q - a +1 helmet (worn)
   (You found it on level 8 of the Dungeon)
Jewellery
 q - an amulet of reflection
   (You found it on level 3 of the Dungeon)
 C - a ring of protection from cold (left hand)
   (You found it on level 7 of the Dungeon)
 F - a ring of fire
   (You found it on level 8 of the Dungeon)
 R - a ring of resist corrosion
   (You found it on level 6 of the Dungeon)
 T - an amulet of faith (around neck) {!P}
   (You found it on level 2 of the Dungeon)
Wands
 t - a wand of digging (4)
   (You found it on level 7 of the Dungeon)
 z - a wand of paralysis (9)
   (You found it on level 5 of the Dungeon)
 B - a wand of iceblast (12)
   (You found it on level 5 of the Dungeon)
 J - a wand of flame (17)
   (You found it on level 5 of the Dungeon)
Scrolls
 j - 2 scrolls of vulnerability {!r!r}
 r - a scroll of fog
 s - a scroll of amnesia
 u - a scroll of immolation {!r!r}
 w - 2 scrolls of blinking {!r}
 A - a scroll of enchant weapon
 E - a scroll of noise {!r}
 G - a scroll of magic mapping {!r}
 H - 2 scrolls of identify {@r1}
 O - a scroll of summoning
 P - a scroll of teleportation {@r4}
Potions
 h - 3 potions of flight
 i - a potion of lignification {unknown}
 k - 2 potions of might {unknown}
 m - 2 potions of heal wounds {unknown}
 n - a potion of attraction {unknown}
 o - 4 potions of degeneration {unknown}
 K - a potion of magic {unknown}
 N - a potion of cancellation {unknown}

Dungeon Overview and Level Annotations

Branches:
Dungeon (10/15)            Temple (0/1) D:5            Lair (0/6) D:9
    Orc: D:9-12

Altars:
Elyvilon
Makhleb
Okawaru
Ru
Trog
Wu Jian

Annotations:
D:3 2 transporters, lawman0's ghost, weakling DjTm
D:5 1 runed translucent door, Crazy Yiuf

.♣♣♣♣♣#.....#...#...........#....
......#.....#...##########'##....
......#.....#...#....#..........#
......#.....'...#....'..........#
......#.....#...#....#...........
#######..##########..#######.....
.........#..>..............#....#
.........#.....Y...........#....#
.........#.....h@......)...#....#
.........'.................#....#
.........#.................#....#
.........#.................#....#
...###########...#######+###....#
.....#.......#...#....#...#.....#
.....#>......#...#....'...#.....#
.....#.......#...#....#...#......
##########.#.##########.÷.#.#....


You could see a yak and a wolf.


Message History

The yak closely misses you. The yak gores you! 😮 HP[-7] MP[+1]
You take 7 damage, and now have 54/89 hp.
Your mp is fully restored (20).
You closely miss the yak.
You howl as the wereblood boils in your veins!
The yak gores you but does no damage. 😮 HP[+1]
You hit the yak.
You howl as the wereblood boils in your veins!
The yak gores you. 😮 HP[-5]
You take 5 damage, and now have 50/89 hp.
You hit the yak.
You feel better.
You bite the yak, but do no damage. The yak gores you but does no damage.
The yak barely misses you. 😮 HP[+1]
You puncture the yak!
You feel better.
You howl as the wereblood boils in your veins!
Your primal bloodlust is almost over.
The yak barely misses you. The yak gores you but does no damage.
The yak closely misses you. 😮 HP[+2]
You regained 2 hp, and now have 53/89 hp.
You hit the yak.
You howl as the wereblood boils in your veins!
The yak closely misses you. The yak gores you!
* * * LOW HITPOINT WARNING * * *
The yak gores you!
* * * LOW HITPOINT WARNING * * *
😨 HP[-18]
You take 18 damage, and now have 35/89 hp.
MASSIVE DAMAGE!! (PAUSE)
You puncture the yak!
You feel better.
You feel a bit better.
You kill the yak!
Lugonu accepts your kill. The yak closely misses you. 😨 HP[+7]
You regained 7 hp, and now have 42/89 hp.
You hit the yak. You bite the yak. You puncture the yak!
You feel better. The yak misses you. The yak barely misses you.
The yak closely misses you. 😮 HP[+6]
You regained 6 hp, and now have 48/89 hp.
You hit the yak but do no damage. Your bite misses the yak. The yak gores you.
The yak misses you. The yak gores you!
* * * LOW HITPOINT WARNING * * *
😨 HP[-11]
You take 11 damage, and now have 37/89 hp.
You puncture the yak! The yak closely misses you.
You puncture the yak! You bite the yak.
Your primal bloodlust has ended.
The yak completely misses you. The yak gores you!
* * * LOW HITPOINT WARNING * * *
The yak gores you but does no damage. 😨 HP[-13]
You take 13 damage, and now have 24/89 hp.
You hit the yak but do no damage. The yak completely misses you.
The yak gores you but does no damage. 😨 HP[+1]
You hit the yak.
You feel better. The yak gores you!
* * * LOW HITPOINT WARNING * * *
The yak closely misses you.
The yak gores you but does no damage. 😱 HP[-9]
You take 9 damage, and now have 16/89 hp.
Space bends around you!
You blink. 😱 HP[-2] MP[-1]
You take 2 damage, and now have 14/89 hp.
You lost 1 mp, and now have 19/20 mp.
There is a stone staircase leading up here. 😱 HP[+1]
The yak completely misses you.
You climb upwards.
The wolf howls!
There is a stone staircase leading down here. 😱 MP[+1]
Your mp is fully restored (20).
Space bends around you!
You blink. 😱 HP[-2] MP[-1]
You take 2 damage, and now have 13/89 hp.
You lost 1 mp, and now have 19/20 mp.
Okay, then.
Okay, then.
Okay, then.
You feel better. 😨 HP[+11]
You regained 11 hp, and now have 24/89 hp.
You barely miss the wolf. The wolf bites you!
* * * LOW HITPOINT WARNING * * *
😱 HP[-8]
You take 8 damage, and now have 16/89 hp.
You puncture the wolf! The wolf bites you but does no damage.
The yak closely misses you. The wolf barely misses you.
You barely miss the wolf. You bite the wolf, but do no damage.
The wolf misses you. The yak barely misses you.
You puncture the wolf! The wolf bites you!
* * * LOW HITPOINT WARNING * * *
The yak gores you!
You die...

Skill      XL: |  1  2  3  4  5  6  7  8  9 10 11 |
---------------+----------------------------------+-----
Short Blades   | 1 2 3 4 5 6 |  6.0
Long Blades    | 1 2 3 4 5 6 |  6.0
Axes           | 1 2 3 4 5 6 |  6.0
Maces & Flails | 1 2 3 4 5 6 |  6.0
Staves         | 1 2 3 4 5 6 |  6.0
Slings         | 1 2 3 4 5 6 |  6.0
Bows           | 1 2 3 4 5 6 |  6.0
Crossbows      | 1 2 3 4 5 6 |  6.0
Throwing       | 1 2 3 4 5 6 |  6.0
Stealth        | 1 2 3 4 5 6 |  6.0
Shields        | 1 2 3 4 5 6 |  6.0
Unarmed Combat | 1 2 3 4 5 6 |  6.0
Spellcasting   | 1 2 3 4 5 6 |  6.0
Evocations     | 1 2 3 4 5 6 |  6.0
Conjurations   | 1 2 3 4 5 |  5.0
Hexes          | 1 2 3 4 5 |  5.0
Summonings     | 1 2 3 4 5 |  5.0
Necromancy     | 1 2 3 4 5 |  5.0
Translocations | 1 2 3 4 5 |  5.0
Transmutations | 1 2 3 4 5 |  5.0
Fire Magic     | 1 2 3 4 5 |  5.0
Ice Magic      | 1 2 3 4 5 |  5.0
Air Magic      | 1 2 3 4 5 |  5.0
Earth Magic    | 1 2 3 4 5 |  5.0
Poison Magic   | 1 2 3 4 5 |  5.0
Dodging        | 3 4 5 6 |  6.6
Invocations    | 5 6 7 8 |  8.1
Polearms       | 5 6 7 |  7.7
Armour         | 5 6 7 |  7.7
Fighting       | 7 8 9 |  9.0

Action                   |  1- 3 |  4- 6 |  7- 9 | 10-12 || total
-------------------------+-------+-------+-------+-------++-------
Melee: Short sword       |    69 |   126 |   316 |   313 ||   824
       Bite              |     4 |     4 |    38 |    39 ||    85
       Punch             |       |       |     6 |     5 ||    11
       Kick              |       |       |       |     5 ||     5
       Headbutt          |       |       |       |     1 ||     1
Throw: Dart              |       |       |    10 |     6 ||    16
       Stone             |       |       |       |     2 ||     2
 Cast: Beastly Appendage |       |       |       |     1 ||     1
       Wereblood         |       |       |       |     1 ||     1
Invok: Depart the Abyss  |     1 |       |       |       ||     1
       Bend Space        |       |       |       |     5 ||     5
Evoke: Wand              |       |       |       |     7 ||     7
  Use: Scroll            |     2 |     1 |     8 |     3 ||    14
       Potion            |       |       |       |     3 ||     3
 Stab: Sleeping          |     1 |       |     6 |       ||     7
       Distracted        |     1 |       |     1 |       ||     2
Armor: Leather armour    |    18 |    36 |    86 |    98 ||   238
Dodge: Dodged            |    47 |    48 |   189 |   303 ||   587

Levels and vault maps discovered:
D:1:      scummos_arrival_simple_fountains, layout_loops_ring
D:2:      minmay_spotlight, layout_loops_corners, hangedman_decor_lopped
D:3:      layout_loops_ring, chequers_temple_overflow_statue_of_worship,
          hellmonk_ecumenical_altar_heavens_door, gammafunk_ghost_smash
D:4:      cheibrodos_thug_alley, layout_basic, hangedman_abyss_or_decor_slice,
          item_on_display_a
D:5:      layout_basic, minmay_temple_entry_sparse_star, uniq_crazy_yiuf_cottage
D:6:      layout_loops_ring
D:7:      layout_loops_cross, nicolae_wu_jian_wuxing_cycle, grunt_ministairs_10,
          serial_bayou_pond_b
D:8:      layout_layer_cave, mainiacjoe_overflow_six_doors_small
D:9:      layout_grid_maze, kennysheep_mini_moat, nicolae_ru_awakened_eye,
          minmay_lair_entry_grove
D:10:     layout_roguey, nicolae_kikubaaqudgha_miasma_corner,
          nicolae_island_escapes, uniq_joseph

Notes
Turn   | Place    | Note
-------+----------+-------------------------------------------
     0 | Abyss:1  | spiderkeys the Gnoll Abyssal Knight began the quest for the
                  | Orb.
     0 | Abyss:1  | Reached XP level 1. HP: 23/23 MP: 3/3
     0 | Abyss:1  | magus.rc [v1.9.10]
   117 | Abyss:1  | Found a corrupted altar of Lugonu.
   185 | Abyss:2  | Identified the +9 short sword of Uncertain Death {vamp,
                  | rPois rCorr}
   188 | Abyss:2  | Noticed a vampire
   190 | D:1      | You pass through the gate.
   190 | D:1      | Escaped the Abyss
   741 | D:1      | Reached XP level 2. HP: 25/29 MP: 5/5
  1187 | D:2      | You pick up a book of Blood and begin reading...
  1187 | D:2      | You add the spells Sublimation of Blood, Wereblood and
                  | Summon Hydra to your library.
  1243 | D:2      | Reached XP level 3. HP: 33/35 MP: 6/6
  1255 | D:2      | Reached * piety under Lugonu
  1741 | D:2      | Reached skill level 1 in Short Blades
  1741 | D:2      | Reached skill level 1 in Long Blades
  1741 | D:2      | Reached skill level 1 in Axes
  1741 | D:2      | Reached skill level 1 in Maces & Flails
  1741 | D:2      | Reached skill level 1 in Staves
  1741 | D:2      | Reached skill level 1 in Slings
  1741 | D:2      | Reached skill level 1 in Bows
  1741 | D:2      | Reached skill level 1 in Crossbows
  1741 | D:2      | Reached skill level 1 in Throwing
  1741 | D:2      | Reached skill level 1 in Stealth
  1741 | D:2      | Reached skill level 1 in Shields
  1741 | D:2      | Reached skill level 1 in Unarmed Combat
  1741 | D:2      | Reached skill level 1 in Spellcasting
  1741 | D:2      | Reached skill level 1 in Evocations
  1928 | D:2      | Reached XP level 4. HP: 41/41 MP: 7/7
  2293 | D:3      | Noticed lawman0's ghost (weakling DjTm)
  2293 | D:3      | Noticed an ogre
  2293 | D:3      | Noticed an ogre
  2294 | D:3      | Found a transporter.
  2294 | D:3      | Noticed an ogre
  2364 | D:3      | Reached skill level 1 in Conjurations
  2364 | D:3      | Reached skill level 1 in Hexes
  2364 | D:3      | Reached skill level 1 in Summonings
  2364 | D:3      | Reached skill level 1 in Necromancy
  2364 | D:3      | Reached skill level 1 in Translocations
  2364 | D:3      | Reached skill level 1 in Transmutations
  2364 | D:3      | Reached skill level 1 in Fire Magic
  2364 | D:3      | Reached skill level 1 in Ice Magic
  2364 | D:3      | Reached skill level 1 in Air Magic
  2364 | D:3      | Reached skill level 1 in Earth Magic
  2364 | D:3      | Reached skill level 1 in Poison Magic
  2365 | D:3      | You pick up a book of Changes and begin reading...
  2365 | D:3      | You add the spells Beastly Appendage and Spider Form to
                  | your library.
  2469 | D:3      | Found a faded altar of an unknown god.
  2510 | D:3      | Noticed a black bear
  2524 | D:3      | Killed a black bear
  2525 | D:3      | Reached skill level 3 in Dodging
  2525 | D:3      | Reached XP level 5. HP: 44/47 MP: 8/8
  2566 | D:3      | Found a transporter.
  2684 | D:3      | Found a white marble altar of Elyvilon.
  2686 | D:3      | Found a burning altar of Makhleb.
  3366 | D:4      | Reached skill level 5 in Invocations
  3366 | D:4      | Reached XP level 6. HP: 39/53 MP: 9/9
  3570 | D:4      | Reached ** piety under Lugonu
  3715 | D:4      | Reached skill level 2 in Short Blades
  3715 | D:4      | Reached skill level 2 in Long Blades
  3715 | D:4      | Reached skill level 2 in Axes
  3715 | D:4      | Reached skill level 2 in Maces & Flails
  3715 | D:4      | Reached skill level 5 in Polearms
  3715 | D:4      | Reached skill level 2 in Staves
  3715 | D:4      | Reached skill level 2 in Slings
  3715 | D:4      | Reached skill level 2 in Bows
  3715 | D:4      | Reached skill level 2 in Crossbows
  3715 | D:4      | Reached skill level 2 in Throwing
  3715 | D:4      | Reached skill level 5 in Armour
  3715 | D:4      | Reached skill level 2 in Stealth
  3715 | D:4      | Reached skill level 2 in Shields
  3715 | D:4      | Reached skill level 2 in Unarmed Combat
  3715 | D:4      | Reached skill level 2 in Spellcasting
  3715 | D:4      | Reached skill level 2 in Evocations
  4040 | D:4      | Reached XP level 7. HP: 41/59 MP: 10/10
  4248 | D:4      | Reached skill level 7 in Fighting
  4373 | D:4      | Reached skill level 2 in Conjurations
  4373 | D:4      | Reached skill level 2 in Hexes
  4373 | D:4      | Reached skill level 2 in Summonings
  4373 | D:4      | Reached skill level 2 in Necromancy
  4373 | D:4      | Reached skill level 2 in Translocations
  4373 | D:4      | Reached skill level 2 in Transmutations
  4373 | D:4      | Reached skill level 2 in Fire Magic
  4373 | D:4      | Reached skill level 2 in Ice Magic
  4373 | D:4      | Reached skill level 2 in Air Magic
  4373 | D:4      | Reached skill level 2 in Earth Magic
  4373 | D:4      | Reached skill level 2 in Poison Magic
  4951 | D:5      | Entered Level 5 of the Dungeon
  4962 | D:5      | Found a staircase to the Ecumenical Temple.
  4972 | D:5      | You pick up a book of Changes and begin reading...
  5165 | D:5      | Reached XP level 8. HP: 67/67 MP: 12/12
  5211 | D:5      | Reached skill level 4 in Dodging
  5252 | D:5      | Found a runed translucent door.
  5253 | D:5      | Noticed Crazy Yiuf
  5312 | D:5      | Reached skill level 3 in Short Blades
  5312 | D:5      | Reached skill level 3 in Long Blades
  5312 | D:5      | Reached skill level 3 in Axes
  5312 | D:5      | Reached skill level 3 in Maces & Flails
  5312 | D:5      | Reached skill level 3 in Staves
  5312 | D:5      | Reached skill level 3 in Slings
  5312 | D:5      | Reached skill level 3 in Bows
  5312 | D:5      | Reached skill level 3 in Crossbows
  5312 | D:5      | Reached skill level 3 in Throwing
  5312 | D:5      | Reached skill level 3 in Stealth
  5312 | D:5      | Reached skill level 3 in Shields
  5312 | D:5      | Reached skill level 3 in Unarmed Combat
  5312 | D:5      | Reached skill level 3 in Spellcasting
  5312 | D:5      | Reached skill level 3 in Evocations
  5460 | D:5      | Reached *** piety under Lugonu
  6015 | D:5      | Reached skill level 6 in Invocations
  6110 | D:6      | Reached skill level 3 in Conjurations
  6110 | D:6      | Reached skill level 3 in Hexes
  6110 | D:6      | Reached skill level 3 in Summonings
  6110 | D:6      | Reached skill level 3 in Necromancy
  6110 | D:6      | Reached skill level 3 in Translocations
  6110 | D:6      | Reached skill level 3 in Transmutations
  6110 | D:6      | Reached skill level 3 in Fire Magic
  6110 | D:6      | Reached skill level 3 in Ice Magic
  6110 | D:6      | Reached skill level 3 in Air Magic
  6110 | D:6      | Reached skill level 3 in Earth Magic
  6110 | D:6      | Reached skill level 3 in Poison Magic
  6211 | D:6      | Reached skill level 6 in Polearms
  6211 | D:6      | Reached skill level 6 in Armour
  6495 | D:6      | Reached XP level 9. HP: 58/73 MP: 14/14
  6721 | D:6      | You pick up a book of the Hunter and begin reading...
  6721 | D:6      | You add the spells Call Canine Familiar, Portal Projectile
                  | and Leda's Liquefaction to your library.
  6959 | D:6      | Reached skill level 4 in Short Blades
  6959 | D:6      | Reached skill level 4 in Long Blades
  6959 | D:6      | Reached skill level 4 in Axes
  6959 | D:6      | Reached skill level 4 in Maces & Flails
  6959 | D:6      | Reached skill level 4 in Staves
  6959 | D:6      | Reached skill level 4 in Slings
  6959 | D:6      | Reached skill level 4 in Bows
  6959 | D:6      | Reached skill level 4 in Crossbows
  6959 | D:6      | Reached skill level 4 in Throwing
  6959 | D:6      | Reached skill level 4 in Stealth
  6959 | D:6      | Reached skill level 4 in Shields
  6959 | D:6      | Reached skill level 4 in Unarmed Combat
  6959 | D:6      | Reached skill level 4 in Spellcasting
  6959 | D:6      | Reached skill level 4 in Evocations
  7761 | D:7      | Noticed a hornet
  7840 | D:7      | Reached skill level 5 in Dodging
  7892 | D:7      | Killed a hornet
  7893 | D:7      | Reached skill level 8 in Fighting
  7940 | D:7      | Reached **** piety under Lugonu
  8151 | D:7      | Reached skill level 7 in Invocations
  8347 | D:7      | Found an ornate altar of the Wu Jian Council.
  8726 | D:8      | Reached skill level 4 in Conjurations
  8726 | D:8      | Reached skill level 4 in Hexes
  8726 | D:8      | Reached skill level 4 in Summonings
  8726 | D:8      | Reached skill level 4 in Necromancy
  8726 | D:8      | Reached skill level 4 in Translocations
  8726 | D:8      | Reached skill level 4 in Transmutations
  8726 | D:8      | Reached skill level 4 in Fire Magic
  8726 | D:8      | Reached skill level 4 in Ice Magic
  8726 | D:8      | Reached skill level 4 in Air Magic
  8726 | D:8      | Reached skill level 4 in Earth Magic
  8726 | D:8      | Reached skill level 4 in Poison Magic
  8726 | D:8      | Reached XP level 10. HP: 54/80 MP: 17/17
  9327 | D:8      | Found a bloodstained altar of Trog.
  9503 | D:8      | Reached skill level 5 in Short Blades
  9503 | D:8      | Reached skill level 5 in Long Blades
  9503 | D:8      | Reached skill level 5 in Axes
  9503 | D:8      | Reached skill level 5 in Maces & Flails
  9503 | D:8      | Reached skill level 5 in Staves
  9503 | D:8      | Reached skill level 5 in Slings
  9503 | D:8      | Reached skill level 5 in Bows
  9503 | D:8      | Reached skill level 5 in Crossbows
  9503 | D:8      | Reached skill level 5 in Throwing
  9503 | D:8      | Reached skill level 5 in Stealth
  9503 | D:8      | Reached skill level 5 in Shields
  9503 | D:8      | Reached skill level 5 in Unarmed Combat
  9503 | D:8      | Reached skill level 5 in Spellcasting
  9503 | D:8      | Reached skill level 5 in Evocations
  9641 | D:8      | Reached skill level 7 in Polearms
  9641 | D:8      | Reached skill level 7 in Armour
  9687 | D:8      | You pick up a book of Rime and begin reading...
  9687 | D:8      | You add the spells Frozen Ramparts, Ice Form and Summon Ice
                  | Beast to your library.
  9886 | D:7      | HP: 15/82 [yak (11)]
  9888 | D:7      | Reached skill level 6 in Dodging
  9889 | D:7      | HP: 7/82 [yak (8)]
 10423 | D:9      | Found an iron altar of Okawaru.
 11345 | D:9      | Reached ***** piety under Lugonu
 11405 | D:9      | Found a sacrificial altar of Ru.
 11432 | D:9      | Noticed a two-headed ogre
 11455 | D:9      | Killed a two-headed ogre
 11456 | D:9      | Reached XP level 11. HP: 66/87 MP: 19/19
 11617 | D:9      | Reached skill level 8 in Invocations
 11734 | D:9      | Reached skill level 9 in Fighting
 11734 | D:9      | Reached skill level 6 in Short Blades
 11734 | D:9      | Reached skill level 6 in Long Blades
 11734 | D:9      | Reached skill level 6 in Axes
 11734 | D:9      | Reached skill level 6 in Maces & Flails
 11734 | D:9      | Reached skill level 6 in Staves
 11734 | D:9      | Reached skill level 6 in Slings
 11734 | D:9      | Reached skill level 6 in Bows
 11734 | D:9      | Reached skill level 6 in Crossbows
 11734 | D:9      | Reached skill level 6 in Throwing
 11734 | D:9      | Reached skill level 6 in Stealth
 11734 | D:9      | Reached skill level 6 in Shields
 11734 | D:9      | Reached skill level 6 in Unarmed Combat
 11734 | D:9      | Reached skill level 6 in Spellcasting
 11734 | D:9      | Reached skill level 6 in Evocations
 11772 | D:9      | Found a staircase to the Lair.
 12163 | D:10     | Entered Level 10 of the Dungeon
 12187 | D:9      | Learned a level 1 spell: Beastly Appendage
 12190 | D:9      | Learned a level 2 spell: Wereblood
 12200 | D:10     | Reached skill level 5 in Conjurations
 12200 | D:10     | Reached skill level 5 in Hexes
 12200 | D:10     | Reached skill level 5 in Summonings
 12200 | D:10     | Reached skill level 5 in Necromancy
 12200 | D:10     | Reached skill level 5 in Translocations
 12200 | D:10     | Reached skill level 5 in Transmutations
 12200 | D:10     | Reached skill level 5 in Fire Magic
 12200 | D:10     | Reached skill level 5 in Ice Magic
 12200 | D:10     | Reached skill level 5 in Air Magic
 12200 | D:10     | Reached skill level 5 in Earth Magic
 12200 | D:10     | Reached skill level 5 in Poison Magic
 12222 | D:10     | HP: 16/89 [yak (11)]
 12230 | D:9      | HP: 16/89 [wolf (8)]
 12233 | D:9      | Slain by a yak

Vanquished Creatures
  A two-headed ogre (D:9)
  2 hornets (D:7)
  2 wyverns (D:9)
  11 yaks
  A steam dragon (D:8)
  4 water moccasins
  5 orc warriors
  5 black bears
  A hornet zombie (D:6)
  2 ogres (D:5)
  2 ice beasts
  A necrophage (D:7)
  A wolf (D:9)
  4 centaurs
  2 phantoms
  3 kobold brigands
  5 bullfrogs
  5 scorpions
  A water moccasin skeleton (D:4)
  3 howler monkeys (D:7)
  An electric eel (D:7)
  A centaur zombie (D:7)
  A jelly (D:8)
  8 orc priests
  3 hounds
  2 gnoll shamans
  3 centaur skeletons
  6 orc wizards
  6 iguanas
  A killer bee zombie (D:7)
  2 howler monkey zombies (D:9)
  9 gnolls
  12 adders
  A shadow imp (D:6)
  A white imp (D:3)
  3 worms
  A dart slug (D:4)
  33 orcs
  5 ball pythons
  7 endoplasms
  A giant cockroach (D:2)
  6 goblins
  12 hobgoblins
  2 jackals (D:2)
  17 kobolds
  2 quokkas
  6 bats
  4 frilled lizards
  6 rats
223 creatures vanquished.

Vanquished Creatures (others)
  A fungus (D:9)
  23 plants
24 creatures vanquished.

Grand Total: 247 creatures vanquished

Table legend:
 A = Non-vault XP
 B = Vault XP
 C = Vault XP percentage of total XP
 D = Non-vault monster count
 E = Vault monster count
 F = Vault count percentage of total count
                 A         B        C        D         E       F
            +---------+---------+-------+---------+---------+-------
      Total |    8962 |    1989 |  18.2 |     189 |      34 |  15.2
            +---------+---------+-------+---------+---------+-------
        D:1 |      11 |       0 |   0.0 |       6 |       0 |   0.0
        D:2 |      57 |      20 |  26.0 |      18 |       5 |  21.7
        D:3 |     194 |       0 |   0.0 |      21 |       0 |   0.0
        D:4 |     514 |     115 |  18.3 |      25 |      12 |  32.4
        D:5 |     924 |       0 |   0.0 |      20 |       0 |   0.0
        D:6 |    1117 |       0 |   0.0 |      24 |       0 |   0.0
        D:7 |    2270 |     447 |  16.5 |      17 |       7 |  29.2
        D:8 |    1556 |       0 |   0.0 |      25 |       0 |   0.0
        D:9 |    1695 |    1407 |  45.4 |      30 |      10 |  25.0
       D:10 |     624 |       0 |   0.0 |       3 |       0 |   0.0
            +---------+---------+-------+---------+---------+-------

Illustrated notes

Table legend:
 A = Kills in this place as a percentage of kills in entire the game.
 B = Kills by you in this place as a percentage of kills by you in the entire game.
 C = Kills by friends in this place as a percentage of kills by friends in the entire game.
 D = Other kills in this place as a percentage of other kills in the entire game.
 E = Experience gained in this place as a percentage of experience gained in the entire game.
 F = Experience gained in this place divided by the number of levels of this place that you have seen.
                   A       B       C       D       E      F
               +-------+-------+-------+-------+-------+----------------------
         Total | 100.0 | 100.0 |   N/A |   N/A | 100.0 | 912.6
       Dungeon | 100.0 | 100.0 |   N/A |   N/A | 100.0 | 1095.1
               +-------+-------+-------+-------+-------+----------------------

Table legend: (Time is in decaauts)
 A = Elapsed time spent in this place.
 B = Non-inter-level travel time spent in this place.
 C = Inter-level travel time spent in this place.
 D = Time resting spent in this place.
 E = Time spent auto-exploring this place.
 F = Levels seen in this place.
 G = Mean time per level.
                   A        B        C        D        E       F      G
               +--------+--------+--------+--------+--------+-----+--------+
         Total |  12182 |  11621 |    561 |    784 |   9000 |  12 | 1015.2 |
       Dungeon |  11993 |  11432 |    561 |    784 |   8836 |  10 | 1199.3 |
         Abyss |    189 |    189 |      0 |      0 |    164 |   2 |   94.5 |
               +--------+--------+--------+--------+--------+-----+--------+

Top non-repeatable levels by time:
     D:8: 1829 daAuts
     D:6: 1638 daAuts
     D:4: 1607 daAuts
     D:7: 1348 daAuts
     D:3: 1322 daAuts
     D:9: 1226 daAuts
     D:5: 1129 daAuts
     D:2: 1063 daAuts
     D:1: 777 daAuts
 Abyss:1: 173 daAuts
    D:10: 49 daAuts
 Abyss:2: 16 daAuts
